 Dungeon Crawl Stone Soup version 0.30-a0-989-g0d87f670db (webtiles) character file.

Game seed: 6198701007872065335

21 jtron the Changer (level 2, 0/21 HPs)
             Began as a Demonspawn Wanderer on Apr 3, 2023.
             Slain by a howler monkey (1 damage)
             ... on level 2 of the Dungeon.
             The game lasted 00:03:13 (1081 turns).

jtron the Changer (Demonspawn Wanderer)             Turns: 1081, Time: 00:03:14

Health: 0/21       AC:  2    Str:  9    XL:     2   Next: 62%
Magic:  3/4        EV: 11    Int: 17    God:
Gold:   72         SH:  0    Dex: 11    Spells: 1/4 levels left

rFire   . . .      SeeInvis .    a - +0 dagger
rCold   . . .      Faith    .    (no shield)
rNeg    . . .      Spirit   .    c - +0 robe
rPois   .          Reflect  .    (helmet currently unavailable)
rElec   .          Rampage  .    (no cloak)
rCorr   .                        (no gloves)
Will    .....                    (boots currently unavailable)
Stlth   +                        (no amulet)
HPRegen 0.23/turn                (no ring)
MPRegen 0.09/turn                (no ring)

@: appendages
A: talons 2, horns 1
a: End Transformation


You were on level 2 of the Dungeon.
You had temporarily grown beastly talons.
You visited 1 branch of the dungeon, and saw 2 of its levels.

You collected 98 gold pieces.
You spent 26 gold pieces at shops.

Inventory:

Hand Weapons
 a - a +0 dagger (weapon)
Missiles
 m - 3 poisoned darts
Armour
 c - a +0 robe (worn)
Jewellery
 i - an amulet of faith
 j - a ring of resist corrosion
Scrolls
 h - 2 scrolls of identify
 k - a scroll of teleportation {unknown}
Potions
 b - 2 potions of attraction
 e - a potion of mutation {unknown}
 f - 2 potions of magic
 g - a potion of degeneration {unknown}
 l - 2 potions of curing
Miscellaneous
 d - a piece from Xom's chessboard (15/15)


   Skills:
 + Level 1.0 Fighting
 + Level 0.6 Short Blades
 + Level 0.3 Dodging
 * Level 1.7 Spellcasting
 * Level 2.2 Conjurations
 - Level 4.5 Transmutations
 + Level 1.0 Evocations


You had one spell level left.
You knew the following spells:

 Your Spells              Type           Power      Damage    Failure   Level
a - Beastly Appendage     Tmut           34%        N/A       3%          1
b - Wereblood             Tmut           17%        N/A       4%          2

Your spell library contained the following spells:

 Spells                   Type           Power      Damage    Failure   Level
 Passwall                 Tmut/Erth      7%         N/A       12%         2
 Searing Ray              Conj           18%        2d5       12%         2
 Momentum Strike          Conj/Tloc      10%        3d8       19%         2


Dungeon Overview and Level Annotations

Branches:
Dungeon (2/15)

Altars:

Shops:
D:1 !([[*


Innate Abilities, Weirdness & Mutations

You have temporarily grown beastly talons.
You have a pair of small horns on your head.


Message History

No target in view!
No target in view!
No target in view!
No target in view!
No target in view!
Found a stone staircase leading down.
Found a ring mail.
A howler monkey comes into view.
A howler monkey is nearby!
You see here a +0 ring mail.
The howler monkey barely misses you. x2
You hit the howler monkey but do no damage.
You headbutt the howler monkey, but do no damage.
The howler monkey hits you.
You hit the howler monkey.
You headbutt the howler monkey, but do no damage.
The howler monkey is lightly wounded.
The howler monkey hits you.
You barely miss the howler monkey. Your headbutt misses the howler monkey.
Your punch misses the howler monkey.
The howler monkey is lightly wounded.
The howler monkey barely misses you.
You hit the howler monkey.
The howler monkey is moderately wounded.
The howler monkey hits you.
You are too injured to fight recklessly!
You are too injured to fight recklessly!
You are too injured to fight recklessly!
You are too injured to fight recklessly!
You are too injured to fight recklessly!
You are too injured to fight recklessly!
Casting: Beastly Appendage (safe; 3% risk of failure)
Confirm with . or Enter, or press ? or * to list all spells.
Your feet morph into talons.
The howler monkey hits you. The howler monkey hits you!
* * * LOW HITPOINT WARNING * * *
You closely miss the howler monkey. You claw the howler monkey.
The howler monkey is heavily wounded.
The howler monkey hits you.
You die...

## . ########## ..
. #........# .#.#
#........# .#.
'........# ##..
#...<....# #..
#........# #h#
#........# #@#
#........#### #[#
#...........# ##.#
....#######.# #..#
....#######.###.##
....#...........#
#####......>......#
#.......#####.# ###
######### .#


You could see a howler monkey.

Vanquished Creatures
  A dart slug (D:1)
  An endoplasm (D:1)
  2 goblins
  3 hobgoblins (D:1)
  A ball python (D:1)
  2 bats
  3 frilled lizards
  5 kobolds
  2 rats
20 creatures vanquished.

Notes
Turn   | Place    | Note
-------+----------+-------------------------------------------
     0 | D:1      | jtron the Demonspawn Wanderer began the quest for the Orb.
     0 | D:1      | jtron set off with the following items: a +0 dagger, a
                  | potion of attraction, a +0 robe, a piece from Xom's
                  | chessboard (15/15); and the following spell memorised:
                  | Beastly Appendage; and the following spells available to
                  | memorise: Wereblood, Passwall, Searing Ray, Momentum
                  | Strike.
     0 | D:1      | Reached XP level 1. HP: 15/15 MP: 2/2
   227 | D:1      | Found Hishriryi's Antique Weapon Shop.
   288 | D:1      | Found Jixo's Antique Armour Shop.
   309 | D:1      | Found Liwunos's General Store.
   312 | D:1      | Bought a scroll of identify for 26 gold pieces
   393 | D:1      | Found Luiloga's Antique Armour Shop.
   483 | D:1      | Gained mutation: You have a pair of small horns on your
                  | head. [demonic ancestry]
   483 | D:1      | Reached XP level 2. HP: 15/21 MP: 2/4
   486 | D:1      | Learned a level 2 spell: Wereblood
   556 | D:1      | Found Bid Deczo's Distillery.
  1072 | D:2      | Noticed a howler monkey
  1080 | D:2      | HP: 1/21 [howler monkey (7)]
  1081 | D:2      | Slain by a howler monkey

Illustrated notes

Levels and vault maps discovered:
D:1:      amcnicky_arrival_wind_blow, layout_basic, serial_shops,
          nicolae_shop_behind_doors, nicolae_shop_trees, nicolae_shop_trees,
          shop, nicolae_shop_window_shopping
D:2:      layout_basic, kennysheep_generic_room_5

Action                     || total
---------------------------++-------
  Melee: Dagger            ||    84
         Kick              ||    13
         Headbutt          ||     9
   Cast: Beastly Appendage ||     8
    Use: Scroll            ||     1
         Potion            ||     1
 Armour: Robe              ||     8
  Dodge: Dodged            ||    49

Table legend: (Time is in decaauts)
 A = Elapsed time spent in this place.
 B = Non-inter-level travel time spent in this place.
 C = Inter-level travel time spent in this place.
 D = Time resting spent in this place.
 E = Time spent auto-exploring this place.
 F = Levels seen in this place.
 G = Mean time per level.
                   A        B        C        D        E       F      G
               +--------+--------+--------+--------+--------+-----+--------+
         Total |   1079 |   1066 |     13 |    132 |    751 |   2 |  539.5 |
       Dungeon |   1079 |   1066 |     13 |    132 |    751 |   2 |  539.5 |
               +--------+--------+--------+--------+--------+-----+--------+

Top non-repeatable levels by time:
     D:1: 933 daAuts
     D:2: 146 daAuts
